 Dungeon Crawl Stone Soup version 0.24-a0-117-g53b51606c3 (webtiles) character file.

Game seed: 16782005903165365069

32 MrRokkomies the Fighter (level 3, 0/38 HPs)
             Began as a Gnoll Wanderer on Feb 18, 2019.
             Was an Initiate of Ashenzari.
             Succumbed to a kobold's poison
             ... on level 3 of the Dungeon.
             The game lasted 00:05:24 (1442 turns).

MrRokkomies the Fighter (Gnoll Wanderer)            Turns: 1442, Time: 00:05:25

Health: 0/38       AC:  9    Str: 15    XL:     3   Next: 27%
Magic:  7/7        EV:  6    Int: 19    God:    Ashenzari [......]
Gold:   60         SH:  0    Dex: 16    Spells: 7/7 levels left

rFire    . . .     SeeInvis .   b - +2 short sword (freeze)
rCold    . . .     Gourm    +   (no shield)
rNeg     . . .     Faith    .   i - +0 chain mail
rPois    .         Spirit   .   l - +0 helmet
rElec    .         Reflect  .   (no cloak)
rCorr    .         Harm     .   (no gloves)
MR       .....                  (no boots)
Stlth    ..........             e - amulet of the gourmand
HPRegen  0.12/turn              h - +2 ring of dexterity
MPRegen  0.10/turn              (no ring)

@: brilliant, lethally poisoned (0 -> -4)
A: distributed training, fangs 1, strong nose
a: Curse Item, Renounce Religion


You were on level 3 of the Dungeon.
You worshipped Ashenzari.
Ashenzari was noncommittal.
You were not hungry.

You visited 2 branches of the dungeon, and saw 5 of its levels.

You collected 60 gold pieces.

Inventory:

Hand Weapons
 a - a +2 shortbow
 b - a +2 short sword of freezing (weapon)
Missiles
 c - 35 arrows
Armour
 i - a +0 chain mail (worn)
 l - a +0 helmet (worn)
Jewellery
 e - an amulet of the gourmand (around neck)
 h - a +2 ring of dexterity (left hand)
Potions
 d - a potion of lignification
Comestibles
 f - 4 rations


   Skills:
 + Level 8.5 Fighting
 + Level 0.6 Short Blades
 + Level 0.6 Long Blades
 + Level 0.6 Axes
 + Level 0.6 Maces & Flails
 + Level 0.6 Polearms
 + Level 0.6 Staves
 + Level 0.6 Slings
 + Level 2.5 Bows
 + Level 0.6 Crossbows
 + Level 0.6 Throwing
 + Level 0.6 Armour
 + Level 0.6 Dodging
 + Level 0.6 Stealth
 + Level 4.5 Shields
 + Level 0.6 Unarmed Combat
 + Level 2.8 Spellcasting
 + Level 0.4 Conjurations
 + Level 0.4 Hexes
 + Level 0.4 Charms
 + Level 0.4 Summonings
 + Level 0.4 Necromancy
 + Level 0.4 Translocations
 + Level 0.4 Transmutations
 + Level 0.4 Fire Magic
 + Level 0.4 Ice Magic
 + Level 0.4 Air Magic
 + Level 0.4 Earth Magic
 + Level 3.7 Poison Magic
 + Level 0.8 Invocations
 + Level 0.6 Evocations


You had 7 spell levels left.
You didn't know any spells.
Your spell library was empty.

Dungeon Overview and Level Annotations

Branches:
Dungeon (4/15)             Temple (1/1) D:4

Altars:
Ashenzari
Cheibriados
Dithmenos
Fedhas
Makhleb
Nemelex Xobeh
Sif Muna
Xom
The Shining One

Annotations:
D:4 Menkaure


Innate Abilities, Weirdness & Mutations

Your experience applies equally to all skills.
You have very sharp teeth.
Your uncanny sense of smell can sniff out nearby items.


Message History

You feel sick.
* * * LOW HITPOINT WARNING * * *
You feel sick.
* * * LOW HITPOINT WARNING * * *
You feel sick.
* * * LOW HITPOINT WARNING * * *
You feel sick.
A kobold comes into view.
* * * LOW HITPOINT WARNING * * *
You feel sick.
* * * LOW HITPOINT WARNING * * *
You feel sick.
* * * LOW HITPOINT WARNING * * *
You feel sick.
A worm comes into view.
* * * LOW HITPOINT WARNING * * *
You feel sick.
* * * LOW HITPOINT WARNING * * *
You feel sick.
You die...

.#######.##.######
#.##.###### #.#.......#
#.#######.#####
#######.# #.......#
..w.....# #.#.###.#
........# #.#.....#
........#####)#######
.......@...##.#.....###
######.....##.........##
#.....####.###.....
#.....# #.# ###.#.
#.....# #.# #.#. #######
#.# #.#. ∆ #.#####.#.
#........# ....
#######...


You could see a worm.

Vanquished Creatures
  3 dart slugs (D:1)
  3 leopard geckos
  3 bats (D:1)
  A giant cockroach (D:1)
  A goblin (D:1)
  2 hobgoblins
  2 jackals (D:1)
  5 kobolds
  2 rats (D:1)
22 creatures vanquished.

Notes
Turn   | Place    | Note
-------+----------+-------------------------------------------
     0 | D:1      | MrRokkomies the Gnoll Wanderer began the quest for the Orb.
     0 | D:1      | MrRokkomies set off with the following items: a +2
                  | shortbow, 21 arrows, a +0 hand axe, a potion of
                  | lignification, a +0 robe, a ration
     0 | D:1      | Reached XP level 1. HP: 26/26 MP: 4/4
   120 | D:1      | Reached XP level 2. HP: 26/33 MP: 5/5
   732 | D:1      | Reached XP level 3. HP: 34/38 MP: 7/7
   986 | D:2      | You fall through a shaft for 2 floors!
   986 | D:4      | Noticed an ogre
  1011 | D:4      | Noticed Menkaure
  1242 | D:4      | Found a staircase to the Ecumenical Temple.
  1251 | Temple   | Entered the Ecumenical Temple
  1290 | Temple   | Became a worshipper of Ashenzari the Shackled
  1440 | D:3      | HP: 1/38 [poisoned by a kobold]
  1442 | D:3      | Succumbed to a kobold's poison

Levels and vault maps discovered:
D:1:      mrwooster_arrival_statue, layout_loops_cross
D:2:      layout_rooms, nicolae_overflow_hidden_temple, fiery_altar_vehumet,
          nicolae_tso_carved_into_rock
D:3:      layout_basic, uniq_natasha, uniq_jessica
D:4:      layout_loops_ring, minmay_temple_entry_nine_rooms, serial_shops,
          nicolae_shop_trees, first_ration, minmay_door_square,
          uniq_blork_the_orc, uniq_robin, uniq_menkaure, uniq_pikel
Temple:   jpeg_temple_island

Action                   || total
-------------------------++-------
Melee: Hand axe          ||    56
       Bite              ||     5
       Short sword       ||    12
  Use: Scroll            ||     4
       Potion            ||     2
  Eat: Ration            ||     1
Armor: Robe              ||     8
       Chain mail        ||    41
Dodge: Dodged            ||    44

Table legend:
 A = Non-vault XP
 B = Vault XP
 C = Vault XP percentage of total XP
 D = Non-vault monster count
 E = Vault monster count
 F = Vault count percentage of total count
                 A         B        C        D         E       F
            +---------+---------+-------+---------+---------+-------
      Total |      47 |       0 |   0.0 |      22 |       0 |   0.0
            +---------+---------+-------+---------+---------+-------
        D:1 |      41 |       0 |   0.0 |      19 |       0 |   0.0
        D:3 |       6 |       0 |   0.0 |       3 |       0 |   0.0
            +---------+---------+-------+---------+---------+-------
